 Dungeon Crawl Stone Soup version 0.27-a0-1193-g8631133539 (webtiles) character file.

Game seed: 16257722233277439882

74 pilgrim the Vexing (level 4, 0/26 HPs)
             Began as a Deep Elf Arcane Marksman on May 26, 2021.
             Succumbed to an adder's poison
             ... on level 3 of the Dungeon.
             The game lasted 00:08:42 (2616 turns).

pilgrim the Vexing (Deep Elf Arcane Marksman)       Turns: 2616, Time: 00:08:43

Health: 0/26       AC:  3    Str:  8    XL:     4   Next: 10%
Magic:  6/8        EV: 12    Int: 18    God:
Gold:   89         SH:  0    Dex: 15    Spells: 3/6 levels left

rFire    . . .     SeeInvis .   b - +0 short sword
rCold    . . .     Faith    .   (no shield)
rNeg     . . .     Spirit   .   e - +1 robe
rPois    .         Reflect  .   (no helmet)
rElec    .         Harm     .   (no cloak)
rCorr    .         Rampage  .   (no gloves)
Will     .....                  (no boots)
Stlth    ++........             (no amulet)
HPRegen  0.08/turn              (no ring)
MPRegen  0.11/turn              (no ring)

@: lethally poisoned (0 -> -2)
A: no striking features
a: no special abilities


You were on level 3 of the Dungeon.
You visited 1 branch of the dungeon, and saw 4 of its levels.

You collected 89 gold pieces.

Inventory:

Hand Weapons
 a - a +0 shortbow
 b - a +0 short sword (weapon)
Missiles
 m - 3 arrows
Armour
 e - a +1 robe (worn)
Jewellery
 i - a ring of fire
Scrolls
 g - 2 scrolls of teleportation
 h - a scroll of enchant armour
 j - a scroll of fear {unknown}
Potions
 c - 2 potions of curing {unknown}
 d - a potion of haste {unknown}
 f - a potion of might {unknown}
 k - a potion of heal wounds {unknown}
 l - 2 potions of attraction {unknown}
 n - a potion of cancellation {unknown}


   Skills:
 + Level 1.8 Fighting
 + Level 3.9 Bows
 - Level 2.4 Dodging
 - Level 3.0 Stealth
 - Level 1.5 Spellcasting
 - Level 4.0 Hexes


You had 3 spell levels left.
You knew the following spells:

 Your Spells              Type           Power      Damage    Failure   Level
a - Corona                Hex            16%        N/A       3%          1
b - Slow                  Hex            15%        N/A       5%          2

Your spell library contained the following spells:

 Spells                   Type           Power      Damage    Failure   Level
 Beastly Appendage        Tmut           2%         N/A       19%         1
 Inner Flame              Hex/Fire       8%         N/A       26%         3
 Portal Projectile        Hex/Tloc       16%        N/A       26%         3
 Wereblood                Tmut           1%         N/A       28%         2
 Spider Form              Tmut/Pois      0%         N/A       50%         3
 Cause Fear               Hex            7%         N/A       36%         4
 Leda's Liquefaction      Hex/Erth       4%         N/A       63%         4
 Ice Form                 Ice/Tmut       1%         N/A       88%         4
 Hydra Form               Tmut           0%         N/A       99%         5


Dungeon Overview and Level Annotations

Branches:
Dungeon (4/15)
 Temple: D:4-7

Altars:

Shops:
D:2 *

Annotations:
D:2 exclusions: 2 goblins and orc
D:3 exclusion: 2 adders
D:4 1 runed translucent door, exclusions: ice beast and ogre, Blork the orc; PeterMcNeter's ghost, novice MiFi


Message History

Press: ? - help, Shift-Dir - straight line, f - adder
Aim: an adder (wandering, hasn't noticed you, chance to affect: 60%)
The adder hisses angrily.
The adder is outlined in light.
An endoplasm comes into view.
You barely miss the adder. The adder bites you.
You are poisoned.
The adder poisons you!
You hit the adder but do no damage.
You feel sick. The adder bites you.
You hit the adder.
The adder is moderately wounded.
You feel sick. The adder closely misses you. The adder bites you.
You are more poisoned.
The adder poisons you!
You are too injured to fight recklessly!
You hit the adder.
The adder is almost dead.
You feel sick. The adder misses you.
You hit the adder.
You kill the adder!
You feel sick.
You have reached level 4!
You feel clever.
You hit the endoplasm but do no damage.
You feel sick. The endoplasm hits you.
* * * LOW HITPOINT WARNING * * *
You barely miss the endoplasm.
You feel sick. The endoplasm freezes you.
You are frozen.
* * * LOW HITPOINT WARNING * * *
Casting: Corona (safe; 3% risk of failure)
Confirm with . or Enter, or press ? or * to list all spells.
Aiming: Corona (safe; 3% risk of failure)
Press: ? - help, Shift-Dir - straight line, f - endoplasm
Aim: an endoplasm (chance to affect: 69%)
The endoplasm is outlined in light.
* * * LOW HITPOINT WARNING * * *
You feel sick. The endoplasm barely misses you.
You hit the endoplasm.
The endoplasm is severely wounded.
You die...

.
#.........#
#.## ..
##.#######.#
#..( ##.
#...# #.#
#>## # .#
#.#.### #.#
#.# . .
###...#...##
#.# #.# # S
...#####..#
#.# #)#
#.#.. #....#
#.# #.#
#.#.#.#.##.#
#.# #.#
......J@##.#
#.# ###.##
....######.#
#.# #.....
#. #.#
#.####.####
#.#
#.......#
..#
######..#
### #..#
#.... #...##
#...#


You could see an endoplasm (corona).

Vanquished Creatures
  2 adders (D:3)
  2 dart slugs
  3 bats
  8 endoplasms
  2 giant cockroaches
  5 goblins
  7 hobgoblins
  A jackal (D:2)
  6 kobolds
  4 ball pythons
  3 frilled lizards
  5 rats
48 creatures vanquished.

Vanquished Creatures (others)
  2 withered plants (D:4)
2 creatures vanquished.

Grand Total: 50 creatures vanquished

Notes
Turn   | Place    | Note
-------+----------+-------------------------------------------
     0 | D:1      | pilgrim the Deep Elf Arcane Marksman began the quest for
                  | the Orb.
     0 | D:1      | Reached XP level 1. HP: 11/11 MP: 5/5
   112 | D:1      | Reached skill level 1 in Stealth
   216 | D:1      | Reached skill level 1 in Fighting
   261 | D:1      | Reached XP level 2. HP: 16/16 MP: 6/6
   264 | D:1      | Learned a level 2 spell: Slow
  1317 | D:2      | Found Jeesoceda's Assorted Antiques.
  1326 | D:2      | Reached XP level 3. HP: 20/20 MP: 5/7
  1553 | D:4      | Found a runed translucent door.
  1553 | D:4      | Noticed PeterMcNeter's ghost (novice MiFi)
  1563 | D:4      | Noticed an ice beast
  1568 | D:4      | Noticed Blork the orc
  1594 | D:4      | Noticed an ogre
  1713 | D:4      | Noticed a lemure
  1713 | D:4      | Noticed a lemure
  2613 | D:3      | Reached XP level 4. HP: 10/26 MP: 6/8
  2615 | D:3      | HP: 1/26 [poisoned by an adder]
  2616 | D:3      | Succumbed to an adder's poison

Illustrated notes

Levels and vault maps discovered:
D:1:      dpeg_arrival_simpleton_b, layout_loops_ring
D:2:      layout_basic, ebering_ecumenical_altar_rust, serial_shops,
          nicolae_shop_behind_doors, guppyfry_early_orc_mine, uniq_jessica,
          uniq_natasha, uniq_crazy_yiuf_cottage
D:3:      layout_loops_ring, minmay_close_crescents
D:4:      layout_basic, serial_shops, shop_statue, gammafunk_ghost_grave,
          kennysheep_small_square, uniq_pikel, uniq_blork_the_orc, uniq_grinder

Skill      XL: |  1  2  3 |
---------------+----------+-----
Stealth        | 1 2 3 |  3.0
Fighting       | 1 |  1.8
Bows           | 3 |  3.9
Dodging        | |  2.4
Spellcasting   | |  1.5
Hexes          | |  4.0

Action                   |  1- 3 |  4- 6 || total
-------------------------+-------+-------++-------
Melee: Short sword       |    65 |     3 ||    68
 Fire: Shortbow          |    73 |       ||    73
 Cast: Corona            |    27 |     1 ||    28
  Use: Scroll            |     2 |       ||     2
 Stab: Sleeping          |     2 |       ||     2
Armor: Robe              |     9 |       ||     9
Dodge: Dodged            |    53 |     1 ||    54

Table legend: (Time is in decaauts)
 A = Elapsed time spent in this place.
 B = Non-inter-level travel time spent in this place.
 C = Inter-level travel time spent in this place.
 D = Time resting spent in this place.
 E = Time spent auto-exploring this place.
 F = Levels seen in this place.
 G = Mean time per level.
                   A        B        C        D        E       F      G
               +--------+--------+--------+--------+--------+-----+--------+
         Total |   2631 |   2483 |    148 |    661 |   1353 |   4 |  657.8 |
       Dungeon |   2631 |   2483 |    148 |    661 |   1353 |   4 |  657.8 |
               +--------+--------+--------+--------+--------+-----+--------+

Top non-repeatable levels by time:
     D:1: 1228 daAuts
     D:3: 878 daAuts
     D:2: 278 daAuts
     D:4: 246 daAuts
